 Dungeon Crawl Stone Soup version 0.29-a0-925-g0a7a3d12f8 (webtiles) character file.

Game seed: 2428754165378837174

32 Sabo the Digger (level 3, 19/19 HPs)
             Began as a Gargoyle Earth Elementalist on July 30, 2022.
             Was a Follower of Jiyva.
             Got out of the dungeon alive.
             The game lasted 00:06:30 (2092 turns).

Sabo the Digger (Gargoyle Earth Elementalist)       Turns: 2092, Time: 00:06:30

Health: 19/19      AC:  5    Str: 11    XL:     3   Next: 25%
Magic:  7/7        EV: 12    Int: 17    God:    Jiyva [*.....]
Gold:   39         SH:  0    Dex: 10    Spells: 6/7 levels left

rFire   . . .      SeeInvis .   c - +0 long sword
rCold   . . .      Faith    .   (no shield)
rNeg    + . .      Spirit   .   a - +0 robe
rPois   ∞          Reflect  .   (no helmet)
rElec   +          Harm     .   (no cloak)
rCorr   .          Rampage  .   (no gloves)
Will    .....                   (no boots)
Stlth   ++........              (no amulet)
HPRegen 0.86/turn               (no ring)
MPRegen 0.35/turn               (no ring)

@: no status effects
A: sickness immunity, AC +3, negative energy resistance 1, electricity
resistance, torment resistance 1, petrification resistance
a: Renounce Religion


You escaped.
You worshipped Jiyva.
Jiyva was aware of your devotion.
You visited 1 branch of the dungeon, and saw 1 of its levels.

You collected 39 gold pieces.

Inventory:

Hand Weapons
 c - a +0 long sword (weapon)
 e - a +0 sling
Armour
 a - a +0 robe (worn)
Jewellery
 k - a ring of fire
Scrolls
 d - a scroll of fear {unknown}
 f - a scroll of enchant weapon {unknown}
 g - a scroll of identify {unknown}
 h - a scroll of teleportation {unknown}
Potions
 b - a potion of magic
 i - 2 potions of curing {unknown}
 j - a potion of heal wounds {unknown}


   Skills:
 + Level 1.8 Dodging
 + Level 2.3 Stealth
 + Level 2.9 Spellcasting
 + Level 0.7 Transmutations
 + Level 4.0 Earth Magic


You had 6 spell levels left.
You knew the following spells:

 Your Spells              Type           Power      Damage    Failure   Level
a - Sandblast             Erth           32%        2d9       3%          1

Your spell library contained the following spells:

 Spells                   Type           Power      Damage    Failure   Level
 Passwall                 Tmut/Erth      8%         N/A       10%         2
 Stone Arrow              Conj/Erth      18%        3d8       24%         3
 Petrify                  Tmut/Erth      10%        N/A       54%         4


Dungeon Overview and Level Annotations

Branches:
Dungeon (1/15)

Altars:
Jiyva


Innate Abilities, Weirdness & Mutations

You are immune to sickness and miasma.
Your stone body is resilient. (AC +3)
You are immune to poison.
You resist negative energy. (rN+)
You are resistant to electric shocks. (rElec)
You are resistant to unholy torment.
You are immune to petrification.


Message History

Aim: a goblin, wielding a +0 club (77% to hit)
The blast of sand hits the goblin!
You kill the goblin!
Your Earth Magic skill increases to level 4!
Casting: Sandblast (safe; 3% risk of failure)
Confirm with . or Enter, or press ? or * to list all spells.
Aiming: Sandblast (safe; 3% risk of failure)
Press: ? - help, Shift-Dir - straight line, f - frilled lizard
Aim: a frilled lizard (70% to hit)
The blast of sand hits the frilled lizard!
You kill the frilled lizard!
You start resting.
Magic restored.
You start waiting.
Done waiting.
Things that are here:
a +0 club; a goblin corpse
i - 2 bubbling clear potions (gained 1)
Things that are here:
a +0 club; a goblin corpse You open the door.
Found a faded altar of an unknown god.
Found a short sword.
There is an open door here.
You open the door.
There is an open door here.
There is a faded altar of an unknown god here.
You cannot tell which god this altar belongs to.
Convert to them anyway?
Jiyva accepts your prayer! Jiyva welcomes you!
Jiyva begins accelerating your health and magic regeneration.
You open the door.
There is an open door here.
You open the door.
There is an open door here.
You open the door.
There is an open door here.
There is a staircase leading out of the dungeon here.
Are you sure you want to leave the Dungeon?
This will make you lose the game!
You have escaped!

#.# #.# #.##### #.##### #.....#
#.....## #####.# ###.#..# #.#
####'#### #.# #.......# #.#
#.8.8.8.# #.# #.# ###.......# #.#
#.# #.+.8.@.8.+ #.# ##.#
#.#.......# #.# ##..#
#.#.8.8.8.#.####.## ##..##
#.#.......#.......# ##.#.##
#.####'#### ###...###
#.###.#####.#.##.# #.......###
.## ##...........######..........
#.###...#####.................##.
##.#.##.# ####.########...####.


There were no monsters in sight!

Vanquished Creatures
  A gnoll (D:1)
  A dart slug (D:1)
  2 ball pythons (D:1)
  An endoplasm (D:1)
  4 goblins (D:1)
  3 hobgoblins (D:1)
  3 jackals (D:1)
  2 frilled lizards (D:1)
17 creatures vanquished.

Notes
Turn   | Place    | Note
-------+----------+-------------------------------------------
     0 | D:1      | Sabo the Gargoyle Earth Elementalist began the quest for
                  | the Orb.
     0 | D:1      | Reached XP level 1. HP: 10/10 MP: 3/3
   364 | D:1      | Reached XP level 2. HP: 15/15 MP: 1/5
  1339 | D:1      | Reached XP level 3. HP: 19/19 MP: 1/7
  1867 | D:1      | Reached skill level 4 in Earth Magic
  2023 | D:1      | Found a faded altar of an unknown god.
  2043 | D:1      | Prayed at the altar of an unknown god.
  2043 | D:1      | Became a worshipper of Jiyva Jaifalo the Shapeless
  2043 | D:1      | Reached * piety under Jiyva
  2092 | D:$      | Got out of the dungeon alive.

Illustrated notes

Levels and vault maps discovered:
D:1:      doesnt_arrival_eight_statues, layout_loops_ring,
          shapermc_ecumenical_altar_ellora

Skill      XL: |  1  2  3 |
---------------+----------+-----
Earth Magic    | 4 |  4.0
Dodging        | |  1.8
Stealth        | |  2.3
Spellcasting   | |  2.9
Transmutations | |  0.7

Action                   || total
-------------------------++-------
Melee: Long sword        ||     3
 Cast: Sandblast         ||    24
Armor: Robe              ||     3
Dodge: Dodged            ||     3

Table legend: (Time is in decaauts)
 A = Elapsed time spent in this place.
 B = Non-inter-level travel time spent in this place.
 C = Inter-level travel time spent in this place.
 D = Time resting spent in this place.
 E = Time spent auto-exploring this place.
 F = Levels seen in this place.
 G = Mean time per level.
                   A        B        C        D        E       F      G
               +--------+--------+--------+--------+--------+-----+--------+
         Total |   2116 |   2116 |      0 |   1317 |      0 |   1 | 2116.0 |
       Dungeon |   2116 |   2116 |      0 |   1317 |      0 |   1 | 2116.0 |
               +--------+--------+--------+--------+--------+-----+--------+

Top non-repeatable levels by time:
     D:1: 2116 daAuts
